 Dungeon Crawl Stone Soup version 0.27-a0-1232-gc6a4cbde82 (webtiles) character file.

Game seed: 1265735946021352822

156 freelancePsychic the Skirmisher (level 5, 0/42 HPs)
             Began as a Human Wanderer on June 8, 2021.
             Was a Believer of Wu Jian.
             Succumbed to a scorpion's poison
             ... on level 4 of the Dungeon.
             The game lasted 00:07:21 (4325 turns).

freelancePsychic the Skirmisher (Human Wanderer)    Turns: 4325, Time: 00:07:21

Health: 0/42       AC:  7    Str: 14    XL:     5   Next: 64%
Magic:  6/6        EV:  7    Int: 11    God:    Wu Jian [**....]
Gold:   216        SH:  8    Dex: 13    Spells: 6/6 levels left

rFire    . . .     SeeInvis .   m - +0 flail
rCold    . . .     Faith    .   c - +0 kite shield
rNeg     + . .     Spirit   .   b - +0 ring mail
rPois    .         Reflect  .   f - +0 helmet
rElec    .         Harm     .   (no cloak)
rCorr    .         Rampage  .   (no gloves)
Will     .....                  k - +0 pair of boots
Stlth    +.........             (no amulet)
HPRegen  0.14/turn              e - ring of positive energy
MPRegen  0.10/turn              (no ring)

@: lethally poisoned (0 -> -10)
A: no striking features
a: Renounce Religion, Wall Jump


You were on level 4 of the Dungeon.
You worshipped Wu Jian.
Wu Jian was pleased with you.
You visited 1 branch of the dungeon, and saw 4 of its levels.

You collected 216 gold pieces.

Inventory:

Hand Weapons
 j - a +0 whip
 l - a +0 mace
 m - a +0 flail (weapon)
Armour
 b - a +0 ring mail (worn)
 c - a +0 kite shield (worn)
 f - a +0 helmet (worn)
 k - a +0 pair of boots (worn)
 n - a +0 chain mail
Jewellery
 e - a ring of positive energy (left hand)
 p - a ring of protection from fire
Wands
 o - a wand of paralysis (6)
Scrolls
 d - 5 scrolls of identify {@r1}
 g - a scroll of noise
 h - a scroll of enchant weapon
Potions
 a - a potion of haste {unknown}
 i - a potion of resistance {unknown}


   Skills:
 + Level 3.8 Fighting
 - Level 1.9(2.7) Axes
 * Level 2.8(3.1) Maces & Flails
 - Level 1.0 Armour
 + Level 2.5 Shields
 - Level 1.0 Spellcasting
 - Level 2.0 Transmutations
 - Level 1.0 Evocations


You had 6 spell levels left.
You didn't know any spells.
Your spell library was empty.

Dungeon Overview and Level Annotations

Branches:
Dungeon (4/15)
 Temple: D:4-7

Altars:
Wu Jian

Shops:
D:2 =

Annotations:
D:2 Natasha


Message History

You barely miss the kobold.
You feel sick. The scorpion closely misses you. You block the kobold's attack.
The scorpion barely misses you. The kobold hits you with a +0 dagger.
You closely miss the kobold.
You feel sick. You block the scorpion's attack.
The kobold hits you but does no damage. The scorpion barely misses you.
You barely miss the kobold.
You feel sick. The scorpion barely misses you. You block the kobold's attack.
The scorpion stings you. You block the kobold's attack.
As you read the scroll labelled BINIUF RAHAI, it crumbles to dust.
It is a scroll of identify.
h - a scroll of enchant weapon You feel sick.
You are no longer poisoned.
The scorpion stings you but does no damage.
The kobold hits you but does no damage.
As you read the scroll labelled QAFULE TAINTIT, it crumbles to dust.
You hear a loud clanging noise!
It was a scroll of noise.
The scorpion stings you!
You are poisoned.
The scorpion poisons you! You block the kobold's attack.
You feel much better.
You feel very sick. The scorpion stings you.
You are more poisoned.
The scorpion poisons you! The kobold hits you but does no damage.
Okay, then.
You closely miss the kobold.
You feel very sick. The scorpion stings you. The kobold barely misses you.
The scorpion stings you.
You thump the kobold!
You kill the kobold!
The Council accepts your kill.
* * * LOW HITPOINT WARNING * * *
You feel very sick. The scorpion stings you!
* * * LOW HITPOINT WARNING * * *
The scorpion barely misses you.
You spin and attack the scorpion.
You closely miss the scorpion.
The scorpion is lightly wounded.
You die...

#... ..## ...#
...# #>.# ...##
##+###..###....#
...............#
..............##
...............#
.......s.......#
...##.@.#######
#...##...#
#...$.....
#.........
#.........
#...######
##...###
#......#
+......+


You could see a scorpion.

Vanquished Creatures
  Natasha (D:2)
  5 adders
  An ufetubus (D:3)
  A worm (D:2)
  5 orcs (D:3)
  9 bats
  9 endoplasms
  2 giant cockroaches
  2 goblins (D:2)
  3 hobgoblins
  7 jackals (D:3)
  2 quokkas
  3 ball pythons
  3 frilled lizards
  11 kobolds
  7 rats
71 creatures vanquished.

Notes
Turn   | Place    | Note
-------+----------+-------------------------------------------
     0 | D:1      | freelancePsychic the Human Wanderer began the quest for the
                  | Orb.
     0 | D:1      | freelancePsychic set off with the following items: a +0
                  | hand axe, a +0 ring mail, a +0 kite shield
     0 | D:1      | Reached XP level 1. HP: 18/18 MP: 2/2
   258 | D:1      | Found a faded altar of an unknown god.
   272 | D:1      | Became a worshipper of the Wu Jian Council
   272 | D:1      | Reached * piety under Wu Jian
   278 | D:1      | Reached XP level 2. HP: 24/24 MP: 3/3
  1102 | D:2      | Reached XP level 3. HP: 7/29 MP: 4/4
  1448 | D:2      | Found Eddubof's Jewellery Shoppe.
  1489 | D:2      | Reached skill level 1 in Maces & Flails
  1589 | D:2      | Reached XP level 4. HP: 6/35 MP: 5/5
  2064 | D:2      | Reached ** piety under Wu Jian
  3227 | D:3      | Noticed Natasha
  3295 | D:2      | Killed Natasha
  3296 | D:2      | Reached XP level 5. HP: 18/42 MP: 6/6
  3613 | D:2      | Noticed Natasha
  3950 | D:3      | Found an ornate altar of the Wu Jian Council.
  4324 | D:4      | HP: 2/42 [scorpion (7)]
  4325 | D:4      | Succumbed to a scorpion's poison

Illustrated notes

Levels and vault maps discovered:
D:1:      amcnicky_arrival_flooded_fountain, layout_loops_cross,
          ebering_ecumenical_altar_rust
D:2:      layout_rooms, serial_shops, nicolae_shop_waterfront,
          roderic_roman_lattice, minmay_divided_ellipse
D:3:      layout_rooms, nicolae_wu_jian_wuxing_cycle, dk_noncrumbling_2,
          minmay_between, uniq_natasha
D:4:      layout_gridville, nicolae_vehumet_radiance

Skill      XL: |  1  2  3  4 |
---------------+-------------+-----
Maces & Flails | 1 2 |  2.8
Shields        | 2 |  2.5
Fighting       | |  3.8
Axes           | |  1.9
Armour         | |  1.0
Spellcasting   | |  1.0
Transmutations | |  2.0
Evocations     | |  1.0

Action                   |  1- 3 |  4- 6 || total
-------------------------+-------+-------++-------
Melee: Hand axe          |    56 |       ||    56
       Whip              |    72 |   193 ||   265
       Flail             |       |    56 ||    56
Invok: Whirlwind         |     6 |     4 ||    10
       Lunge             |     2 |    13 ||    15
 Abil: Wall Jump         |       |     1 ||     1
  Use: Potion            |       |     3 ||     3
       Scroll            |       |     2 ||     2
Armor: Ring mail         |    55 |   122 ||   177
Dodge: Dodged            |    57 |   101 ||   158
Block: Kite shield       |    64 |   119 ||   183

Table legend: (Time is in decaauts)
 A = Elapsed time spent in this place.
 B = Non-inter-level travel time spent in this place.
 C = Inter-level travel time spent in this place.
 D = Time resting spent in this place.
 E = Time spent auto-exploring this place.
 F = Levels seen in this place.
 G = Mean time per level.
                   A        B        C        D        E       F      G
               +--------+--------+--------+--------+--------+-----+--------+
         Total |   4470 |   4396 |     74 |    648 |   2947 |   4 | 1117.5 |
       Dungeon |   4470 |   4396 |     74 |    648 |   2947 |   4 | 1117.5 |
               +--------+--------+--------+--------+--------+-----+--------+

Top non-repeatable levels by time:
     D:2: 1951 daAuts
     D:3: 1478 daAuts
     D:1: 946 daAuts
     D:4: 93 daAuts
